 Dungeon Crawl Stone Soup version 0.26-a0-610-g3e9335bbc7 (webtiles) character file.

Game seed: 6965697548624669647

917 Murumi the Shield-Bearer (level 8, 63/63 HPs)
             Began as a Formicid Fighter on Sept 3, 2020.
             Quit the game on level 5 of the Dungeon.
             The game lasted 00:13:53 (4280 turns).

Murumi the Shield-Bearer (Formicid Fighter)         Turns: 4280, Time: 00:13:53

Health: 63/63      AC: 17    Str: 22    XL:     8   Next: 31%
Magic:  8/8        EV:  8    Int: 15    God:
Gold:   233        SH: 11    Dex: 10    Spells: 7/7 levels left

rFire    . . .     SeeInvis +   a - +0 long sword
rCold    . . .     Faith    .   c - +1 kite shield
rNeg     . . .     Spirit   .   i - +4 chain mail
rPois    .         Reflect  .   (helmet unavailable)
rElec    .         Harm     .   (no cloak)
rCorr    .                      o - +2 pair of gloves
MR       +....                  (no boots)
Stlth    ..........             g - amulet of magic regeneration
HPRegen  0.20/turn              h - ring of protection from magic
MPRegen  0.36/turn              n - +6 ring of intelligence

@: no status effects
A: permanent stasis, dig shafts and tunnels, four strong arms, antennae 3
a: Dig, Shaft Self


You were on level 5 of the Dungeon.
You visited 1 branch of the dungeon, and saw 5 of its levels.

You collected 233 gold pieces.

Inventory:

Hand Weapons
 a - a +0 long sword (weapon)
Missiles
 e - 30 bolts
Armour
 c - a +1 kite shield (worn)
 i - a +4 chain mail (worn)
 o - a +2 pair of gloves (worn)
Jewellery
 g - an amulet of magic regeneration (around neck)
 h - a ring of protection from magic (left hand)
 n - a +6 ring of intelligence (right hand)
Wands
 j - a wand of iceblast (7)
 s - a wand of flame (7)
Scrolls
 r - a scroll of remove curse
Potions
 b - 2 potions of brilliance
 d - a potion of mutation
 f - 3 potions of curing
 k - a potion of resistance
 l - 2 potions of magic
 m - 2 potions of flight
 p - a potion of might
 q - a potion of stabbing {unknown}


   Skills:
 + Level 5.4 Fighting
 - Level 4.0 Long Blades
 - Level 5.0 Armour
 - Level 2.0 Dodging
 - Level 7.0 Shields
 - Level 3.0 Evocations


You had 7 spell levels left.
You didn't know any spells.
Your spell library contained the following spells:

 Spells                   Type           Power        Failure   Level
 Animate Skeleton         Necr           #.....       97%         1
 Pain                     Necr           #...         97%         1
 Vampiric Draining        Necr           #.........   100%        3
 Animate Dead             Necr           #.........   100%        4
 Agony                    Necr           #.......     100%        5


Dungeon Overview and Level Annotations

Branches:
Dungeon (5/15)
 Temple: D:4-7

Altars:
Dithmenos
Fedhas
Gozag
Hepliaklqana
Vehumet


Innate Abilities, Weirdness & Mutations

You cannot be hasted, slowed, berserked, paralysed or teleported.
You can dig through walls and to a lower floor.
Your four strong arms can wield two-handed weapons with a shield.
You have a pair of large antennae on your head. (SInv)


Message History

The orc wizard is heavily wounded.
The orc wizard hits you but does no damage.
You block the orc wizard's attack.
You closely miss the orc wizard.
The orc wizard is heavily wounded.
The orc wizard hits you but does no damage. x2
You hit the orc wizard.
The orc wizard is severely wounded.
You block the orc wizard's attack.
The orc wizard hits you but does no damage.
You hit the orc wizard.
The orc wizard is almost dead.
The orc wizard hits you with a cursed -1 dagger.
The orc wizard closely misses you.
You hit the orc wizard.
You kill the orc wizard!
Things that are here:
a cursed -1 dagger; a +0 robe Done exploring.
Are you sure you want to abandon this character and quit the game? (Confirm with "yes".)

#######..##..#.####.........#
.........###...# #.........#
######.........####.........#
....###..##...........†.....#
######...##.##.###..........#
..# #...##..##..###.........#
..###..###.####.# #.........#
..##...# #.# #.###.........#
..##...# #.# #.@)..........#
..#...## #.# ####.#.......##
..#..## #.##### #>.......##
..#..# #.....# ####.#####
..#### #.....# #.# ###
##.....# #.# ##......# #.#
###..#....# #.#
######.........# #.#


There were no monsters in sight!

Vanquished Creatures
  Sigmund (D:3)
  2 ogres
  A wyvern skeleton (D:2)
  A scorpion (D:5)
  A howler monkey (D:4)
  An orc priest (D:5)
  5 orc wizards
  A worker ant (D:4)
  A hound skeleton (D:5)
  7 gnolls
  7 adders
  An adder zombie (D:5)
  2 worms (D:3)
  5 dart slugs
  2 leopard geckos
  16 orcs
  2 ball pythons
  4 giant cockroaches
  8 goblins
  5 hobgoblins
  8 jackals
  4 quokkas
  9 bats
  3 frilled lizards
  6 kobolds
  2 quokka skeletons
  7 rats
112 creatures vanquished.

Vanquished Creatures (others)
  A bat (D:2)
1 creature vanquished.

Grand Total: 113 creatures vanquished

Notes
Turn   | Place    | Note
-------+----------+-------------------------------------------
     0 | D:1      | Murumi the Formicid Fighter began the quest for the Orb.
     0 | D:1      | Reached XP level 1. HP: 18/18 MP: 1/1
    61 | D:1      | Reached skill level 1 in Dodging
    75 | D:1      | Reached skill level 4 in Shields
    75 | D:1      | Reached XP level 2. HP: 13/24 MP: 2/2
   685 | D:1      | Reached XP level 3. HP: 29/29 MP: 3/3
   732 | D:2      | Found a radiant altar of Vehumet.
   801 | D:2      | Reached XP level 4. HP: 37/37 MP: 4/4
   855 | D:2      | Reached XP level 5. HP: 27/42 MP: 5/5
  1041 | D:2      | Found a shadowy altar of Dithmenos.
  1192 | D:2      | Reached skill level 5 in Shields
  1503 | D:3      | Found a faded altar of an unknown god.
  1753 | D:3      | Noticed Sigmund
  1764 | D:3      | Killed Sigmund
  1764 | D:3      | Reached skill level 5 in Fighting
  1764 | D:3      | Reached XP level 6. HP: 19/51 MP: 6/6
  2301 | D:4      | Reached XP level 7. HP: 56/56 MP: 7/7
  2321 | D:4      | Reached skill level 5 in Armour
  2703 | D:4      | Reached skill level 6 in Shields
  3239 | D:4      | Found a blossoming altar of Fedhas.
  3325 | D:5      | Entered Level 5 of the Dungeon
  3839 | D:5      | Reached XP level 8. HP: 62/62 MP: 8/8
  3885 | D:5      | Reached skill level 7 in Shields
  4084 | D:5      | Found an opulent altar of Gozag.
  4190 | D:5      | Found a hazy altar of Hepliaklqana.
  4280 | D:5      | Quit the game

Illustrated notes

Levels and vault maps discovered:
D:1:      dpeg_arrival_windows_large_door, layout_rooms
D:2:      layout_basic, fiery_altar_vehumet, nicolae_dithmenos_shadow_blocks,
          skrybe_limestone_x
D:3:      layout_rooms, chequers_ecumenical_altar_twisty,
          chequers_serial_rivers_room_b, minmay_box_of_dots, uniq_sigmund
D:4:      layout_gridville, fedhas_altar_4, minmay_misc_feat_secret_circle
D:5:      layout_rooms, kennysheep_little_box, lemuel_tele_altar

Skill      XL: |  1  2  3  4  5  6  7  8 |
---------------+-------------------------+-----
Dodging        | 1 2 |  2.0
Shields        | 4 5 6 7 |  7.0
Long Blades    | 3 4 |  4.0
Fighting       | 4 5 |  5.4
Armour         | 4 5 |  5.0
Evocations     | 2 3 |  3.0

Action                   |  1- 3 |  4- 6 |  7- 9 || total
-------------------------+-------+-------+-------++-------
Melee: Long sword        |    81 |   149 |   197 ||   427
 Abil: Dig               |       |       |     1 ||     1
  Use: Scroll            |     5 |     7 |     4 ||    16
       Potion            |       |     1 |       ||     1
Armor: Scale mail        |    28 |       |       ||    28
       Chain mail        |    33 |    69 |    70 ||   172
Dodge: Dodged            |    27 |    33 |    46 ||   106
Block: Kite shield       |    62 |    95 |   108 ||   265
       Rpst.: Long sword |     6 |     5 |    16 ||    27

Table legend: (Time is in decaauts)
 A = Elapsed time spent in this place.
 B = Non-inter-level travel time spent in this place.
 C = Inter-level travel time spent in this place.
 D = Time resting spent in this place.
 E = Time spent auto-exploring this place.
 F = Levels seen in this place.
 G = Mean time per level.
                   A        B        C        D        E       F      G
               +--------+--------+--------+--------+--------+-----+--------+
         Total |   4401 |   4108 |    293 |    503 |   2588 |   5 |  880.2 |
       Dungeon |   4401 |   4108 |    293 |    503 |   2588 |   5 |  880.2 |
               +--------+--------+--------+--------+--------+-----+--------+

Top non-repeatable levels by time:
     D:4: 1145 daAuts
     D:5: 927 daAuts
     D:3: 878 daAuts
     D:2: 743 daAuts
     D:1: 706 daAuts
